 Dungeon Crawl Stone Soup version 0.24-a0-584-g9d6b971ae4 (webtiles) character file.

Game seed: 13265746645920989747, levelgen mode: deterministic

11877 Peloso the Carver (level 11, -10/97 HPs)
             Began as a Minotaur Fighter on Aug 30, 2019.
             Was a High Priest of Okawaru.
             Mangled by Rupert
             ... wielding a +7 battleaxe of flaming
              (15 damage)
             ... on level 12 of the Dungeon.
             The game lasted 00:27:16 (10469 turns).

Peloso the Carver (Minotaur Fighter)               Turns: 10469, Time: 00:27:17

Health: -10/97     AC: 19    Str: 27    XL:     11   Next: 55%
Magic:  9/10       EV:  8    Int:  5    God:    Okawaru [*****.]
Gold:   559        SH: 13    Dex: 12    Spells: 10/10 levels left

rFire    . . .     SeeInvis .   a - +0 long sword
rCold    + . .     Gourm    .   c - +0 shield
rNeg     . . .     Faith    .   e - +0 plate armour
rPois    +         Spirit   .   (helmet restricted)
rElec    .         Reflect  .   v - +0 cloak
rCorr    .         Harm     .   j - +0 pair of gloves
MR       .....                  k - +0 pair of boots
Stlth    ..........             (no amulet)
HPRegen  0.26/turn              D - ring of protection from cold
MPRegen  0.12/turn              w - ring of poison resistance

@: mighty
A: retaliatory headbutt, horns 2
a: Heroism, Finesse, Renounce Religion


You were on level 12 of the Dungeon.
You worshipped Okawaru.
Okawaru was extremely pleased with you.
You were not hungry.

You visited 2 branches of the dungeon, and saw 14 of its levels.

You collected 559 gold pieces.

Inventory:

Hand Weapons
 a - a +0 long sword (weapon)
 Q - the +2 war axe "Beetlebane" {freeze, rF+ rN++ Int-3}
   (You found it on level 10 of the Dungeon)

   It has been specially enchanted to freeze those struck by it, causing extra
   injury to most foes and up to half again as much damage against particularly
   susceptible opponents.
   It can also slow down cold-blooded creatures.
   It affects your intelligence (-3).
   It protects you from fire.
   It greatly protects you from negative energy.
Armour
 b - a +0 scale mail
 c - a +0 shield (worn)
 e - a +0 plate armour (worn)
 j - a +0 pair of gloves (worn)
 k - a +0 pair of boots (worn)
 v - a +0 cloak (worn)
 S - +0 acid dragon scales
Jewellery
 o - an uncursed ring of positive energy
 p - an uncursed ring of fire
 w - a ring of poison resistance (right hand)
 y - an uncursed ring of protection from cold
 A - an uncursed ring of wizardry
 D - a ring of protection from cold (left hand)
Wands
 s - a wand of flame (12)
 G - a wand of acid (10)
 I - a wand of random effects (11)
 K - a wand of polymorph (8)
 L - a wand of iceblast (12)
Scrolls
 h - 2 scrolls of remove curse
 l - 14 scrolls of identify
 n - 3 scrolls of fear
 q - 5 scrolls of enchant weapon
 r - 6 scrolls of teleportation
 x - a scroll of noise
 B - 2 scrolls of enchant armour
 E - a scroll of fog {unknown}
 H - 3 scrolls of magic mapping {unknown}
 J - a scroll of random uselessness {unknown}
 M - a scroll of blinking {unknown}
 R - 2 scrolls of amnesia {unknown}
Potions
 d - 3 potions of might
 g - 5 potions of haste
 i - 2 potions of cancellation
 m - 2 potions of agility
 t - a potion of curing
 z - 2 potions of brilliance
 C - a potion of magic
 F - a potion of flight {unknown}
 N - 2 potions of degeneration {unknown}
 P - a potion of ambrosia {unknown}
Miscellaneous
 O - a box of beasts
Comestibles
 f - 27 rations
 T - a chunk of flesh


   Skills:
 + Level 9.5 Fighting
 + Level 12.3 Long Blades
 + Level 10.8 Armour
 + Level 1.3 Dodging
 + Level 1.7 Stealth
 + Level 12.2 Shields
 + Level 1.2 Invocations


You had 10 spell levels left.
You didn't know any spells.
Your spell library contained the following spells:

 Spells                   Type           Power        Failure   Level  Hunger
 Magic Dart               Conj           #...         99%         1    ##.....
 Blink                    Tloc           N/A          100%        2    ###....
 Call Imp                 Summ           #.......     100%        2    ###....
 Slow                     Hex            #.......     100%        2    ###....
 Conjure Flame            Conj/Fire      #.......     100%        3    ####...
 Mephitic Cloud           Conj/Pois/Air  #.......     100%        3    ####...
 Summon Lightning Spire   Summ/Air       #.......     100%        4    #####..
 Silence                  Hex/Air        #.........   100%        5    ######.
 Conjure Ball Lightning   Conj/Air       #.........   100%        6    #######
 Deflect Missiles         Chrm/Air       #.........   100%        6    #######
 Tornado                  Air            #.........   100%        9    #######


Dungeon Overview and Level Annotations

Branches:
Dungeon (13/15)            Temple (1/1) D:6            Lair (0/6) D:11
    Orc (0/2) D:9
 Vaults: D:13-14

Altars:
Ashenzari
Cheibriados
Dithmenos
Elyvilon
Fedhas
Hepliaklqana
Kikubaaqudgha
Makhleb
Nemelex Xobeh
Okawaru
Qazlal
Ru
Trog
Uskayaw
Vehumet
Wu Jian
Xom
Yredelemnul
Zin
The Shining One

Shops:
D:7 *(   D:8 (   D:11 :

Annotations:
D:11 exclusion: 2 oklob plants
D:12 Rupert


Innate Abilities, Weirdness & Mutations

You reflexively headbutt those who attack you in melee.
You have a pair of horns on your head.


Message History

* * * LOW HITPOINT WARNING * * *
Rupert burns you.
* * * LOW HITPOINT WARNING * * *
You feel much better.
Rupert hits you with a +7 battleaxe of flaming!
* * * LOW HITPOINT WARNING * * *
Rupert burns you.
* * * LOW HITPOINT WARNING * * *
You feel better. Rupert closely misses you.
You slash Rupert!
Rupert is moderately wounded.
Rupert hits you with a +7 battleaxe of flaming!
* * * LOW HITPOINT WARNING * * *
Rupert burns you.
* * * LOW HITPOINT WARNING * * *
You closely miss Rupert. You headbutt Rupert!
Rupert is heavily wounded.
You feel like a meek peon again.
Rupert hits you with a +7 battleaxe of flaming!
You die...

##..... .(# .....# ..
#...# ### #. #...# #.)
#####.# #...######.#
.......### #........#..
.).......####....###[#.#
...##.................#
......@@..............#
....................>.##
.....#...##.#.....#....#
.........##.#...........
##.....).##.#...#.##....
###.######.............
#. #...........#. #.
###.....###.#. #....##
#.##


You could see Rupert (berserk).

Vanquished Creatures
  A two-headed ogre (D:8)
  Pikel (D:3)
  A centaur zombie (D:13)
  A gargoyle (D:11)
  2 trolls
  Grinder (D:3)
  4 hippogriffs
  A spriggan (D:9)
  Sigmund (D:3)
  A shadow (D:12)
  A wraith (D:10)
  Eustachio (D:6)
  5 yaks (D:10)
  4 vampire mosquitoes
  2 hungry ghosts
  Edmund (D:6)
  A soldier ant (D:10)
  2 acid dragons
  Duvessa (D:6)
  2 sky beasts
  A water moccasin (D:6)
  A phantom (D:5)
  3 ice beasts
  5 orc warriors
  An eye of draining (D:11)
  3 black bears
  2 necrophages
  4 ogres
  4 centaurs
  A big kobold (D:7)
  2 bullfrogs
  A wyvern skeleton (D:9)
  5 scorpions
  Dowan (D:6)
  6 killer bees (D:8)
  3 howler monkeys
  3 crimson imps
  4 bullfrog zombies
  7 orc priests
  3 centaur skeletons
  A gnoll shaman (D:4)
  3 hounds
  3 jellies
  22 orc wizards
  An iron imp (D:7)
  Crazy Yiuf (D:3)
  Ijyb (D:3)
  Terence (D:3)
  4 iguanas
  7 worker ants
  2 killer bee zombies (D:7)
  2 hound zombies
  3 worker ant zombies
  4 gnolls
  17 adders
  A howler monkey skeleton (D:5)
  3 shadow imps
  An ooze (D:4)
  2 adder skeletons
  3 worms
  6 leopard geckos
  51 orcs
  4 bats
  9 giant cockroaches
  9 goblins
  7 hobgoblins
  14 jackals
  6 quokkas
  2 ball pythons
  5 frilled lizards
  A giant cockroach zombie (D:6)
  14 kobolds
  A leopard gecko skeleton (D:4)
  A quokka skeleton (D:4)
  3 quokka zombies
  9 rats
318 creatures vanquished.

Vanquished Creatures (others)
  2 gnolls (D:4)
2 creatures vanquished.

Grand Total: 320 creatures vanquished

Notes
Turn   | Place    | Note
-------+----------+-------------------------------------------
     0 | D:1      | Peloso the Minotaur Fighter began the quest for the Orb.
     0 | D:1      | Reached XP level 1. HP: 19/19 MP: 0/0
    88 | D:1      | Reached XP level 2. HP: 27/27 MP: 1/1
   353 | D:1      | Reached XP level 3. HP: 30/33 MP: 2/2
   717 | D:2      | Found a hazy altar of Hepliaklqana.
   830 | D:2      | Reached XP level 4. HP: 40/40 MP: 3/3
   969 | D:2      | Reached skill level 1 in Dodging
  1566 | D:3      | Noticed Sigmund
  1641 | D:3      | Killed Sigmund
  1641 | D:3      | Reached skill level 5 in Shields
  1641 | D:3      | Reached XP level 5. HP: 34/47 MP: 4/4
  1683 | D:3      | Noticed Terence
  1704 | D:3      | Killed Terence
  1704 | D:3      | Reached XP level 6. HP: 45/55 MP: 5/5
  1749 | D:3      | Found a sparkling altar of Nemelex Xobeh.
  1761 | D:3      | Noticed Grinder
  1777 | D:3      | Paralysed by Grinder for 2 turns
  1787 | D:3      | Killed Grinder
  1787 | D:3      | Reached skill level 5 in Fighting
  1787 | D:3      | Reached skill level 5 in Long Blades
  1787 | D:3      | Reached skill level 5 in Armour
  1834 | D:3      | Found a runed translucent door.
  1835 | D:3      | Noticed Crazy Yiuf
  1980 | D:3      | Found a shimmering altar of Xom.
  2166 | D:3      | Noticed Ijyb
  2179 | D:3      | Killed Ijyb
  2179 | D:3      | Reached XP level 7. HP: 59/61 MP: 6/6
  2425 | D:3      | Killed Crazy Yiuf
  2534 | D:4      | Noticed Pikel
  2556 | D:3      | Killed Pikel
  2556 | D:3      | Reached XP level 8. HP: 57/70 MP: 7/7
  3605 | D:5      | Entered Level 5 of the Dungeon
  3766 | D:5      | Reached skill level 1 in Stealth
  4044 | D:5      | Found a stormy altar of Qazlal.
  4287 | D:6      | Reached XP level 9. HP: 73/78 MP: 8/8
  4413 | D:6      | Noticed Eustachio
  4656 | D:6      | Killed Eustachio
  4784 | D:6      | Reached skill level 10 in Long Blades
  4837 | D:6      | Noticed Dowan
  4845 | D:6      | Killed Dowan
  4847 | D:6      | Noticed Duvessa
  4860 | D:6      | Killed Duvessa
  4877 | D:6      | Noticed Edmund
  4903 | D:6      | Killed Edmund
  5169 | D:6      | Found a blossoming altar of Fedhas.
  5321 | D:6      | Found a staircase to the Ecumenical Temple.
  5332 | Temple   | Entered the Ecumenical Temple
  5370 | Temple   | Became a worshipper of Warmaster Okawaru
  5464 | D:7      | Found a bloodstained altar of Trog.
  5464 | D:7      | Found Ygetumecuw's Weapon Emporium.
  5550 | D:7      | Found a snail-covered altar of Cheibriados.
  5849 | D:7      | Found Pathirre's Assorted Antiques.
  5977 | D:7      | Reached * piety under Okawaru
  6005 | D:7      | Found a shattered altar of Ashenzari.
  6313 | D:8      | Noticed a two-headed ogre
  6331 | D:8      | Killed a two-headed ogre
  6331 | D:8      | Reached XP level 10. HP: 76/86 MP: 6/9
  6364 | D:8      | Reached skill level 10 in Shields
  6630 | D:8      | Found Bossok's Weapon Shop.
  7035 | D:8      | Found an ancient bone altar of Kikubaaqudgha.
  7035 | D:8      | Found a white marble altar of Elyvilon.
  7040 | D:8      | Found a faded altar of an unknown god.
  7042 | D:8      | Found a glowing golden altar of the Shining One.
  7044 | D:8      | Found a shadowy altar of Dithmenos.
  7303 | D:9      | Reached ** piety under Okawaru
  7517 | D:9      | Reached *** piety under Okawaru
  7586 | D:9      | Found a staircase to the Orcish Mines.
  7587 | D:9      | Found a glowing silver altar of Zin.
  8137 | D:10     | Entered Level 10 of the Dungeon
  8248 | D:10     | Got a crude war axe
  8249 | D:10     | Identified the +2 war axe "Beetlebane" {freeze, rF+ rN++
                  | Int-3} (You found it on level 10 of the Dungeon)
  8684 | D:10     | Reached XP level 11. HP: 95/95 MP: 10/10
  8762 | D:10     | Reached skill level 10 in Armour
  8783 | D:10     | Reached skill level 1 in Invocations
  8790 | D:10     | Reached **** piety under Okawaru
  9469 | D:11     | Found a staircase to the Lair.
  9469 | D:11     | Noticed an oklob plant
  9469 | D:11     | Noticed an oklob plant
  9545 | D:11     | Found Araorab's Book Shop.
 10076 | D:13     | Reached ***** piety under Okawaru
 10448 | D:12     | Noticed Rupert
 10469 | D:12     | Mangled by Rupert

Levels and vault maps discovered:
D:1:      wheals_arrival_shading, layout_rooms, minmay_pentomino_x4
D:2:      layout_basic, lemuel_doored_altar
D:3:      layout_rooms, tgw_xom, nemelex_altar_shiori, minivault_14,
          palyth_stone_intersect, uniq_crazy_yiuf_cottage, uniq_grinder,
          uniq_sigmund, uniq_terence, uniq_ijyb
D:4:      minmay_chambers_of_threes, layout_gridville, uniq_pikel
D:5:      layout_rooms, grunt_qazlal_sundering, first_ration,
          kennysheep_decorative_pillar
D:6:      layout_cave_pools, kennysheep_mini, temple_hall, uniq_duvessa,
          uniq_eustachio, uniq_edmund
D:7:      layout_basic, slow_altar_2, nicolae_overflow_hidden_temple,
          serial_shops, nicolae_shop_stone, nicolae_shop_trees, basic_altar
D:8:      layout_basic, chequers_temple_overflow_minitemple, serial_shops, shop
D:9:      layout_basic, kennysheep_mini_moat, orc_0_dummy, the_bakery
D:10:     layout_basic
D:11:     layout_basic, dpeg_oklobed_lair, serial_shops,
          nicolae_shop_competitors_out_of_business, minmay_microvault
D:12:     layout_loops_cross, gammafunk_ghost_grave, st_stairs_8,
          minmay_misc_feat_rows, uniq_psyche, uniq_maurice, uniq_gastronok,
          uniq_rupert
D:13:     layout_rooms, david_vaults_2
Temple:   cyrus_temple_forest

Skill      XL: |  1  2  3  4  5  6  7  8  9 10 11 |
---------------+----------------------------------+-----
Armour         | 4 5 6 7 8 9 10 | 10.8
Shields        | 4 5 6 7 9 11 12 | 12.2
Fighting       | 4 5 6 7 8 9 |  9.5
Long Blades    | 3 4 5 7 9 11 12 | 12.3
Dodging        | 1 |  1.3
Stealth        | 1 |  1.7
Invocations    | 1 |  1.2

Action                   |  1- 3 |  4- 6 |  7- 9 | 10-12 || total
-------------------------+-------+-------+-------+-------++-------
Melee: Long sword        |   105 |   134 |   534 |   545 ||  1318
       Headbutt          |    15 |    25 |   113 |   133 ||   286
Invok: Heroism           |       |       |     1 |     3 ||     4
  Use: Scroll            |     2 |       |    10 |     1 ||    13
       Potion            |     1 |       |     3 |     4 ||     8
  Eat: Chunk             |       |     4 |    11 |    17 ||    32
       Ration            |       |       |     1 |       ||     1
Armor: Scale mail        |    19 |       |       |       ||    19
       Plate armour      |    58 |    95 |   374 |   245 ||   772
Dodge: Dodged            |    26 |    16 |   124 |    87 ||   253
Block: Shield            |    65 |    62 |   389 |   292 ||   808
       Rpst.: Long sword |     7 |     4 |    31 |    26 ||    68

Table legend:
 A = Non-vault XP
 B = Vault XP
 C = Vault XP percentage of total XP
 D = Non-vault monster count
 E = Vault monster count
 F = Vault count percentage of total count
                 A         B        C        D         E       F
            +---------+---------+-------+---------+---------+-------
      Total |   14396 |    2572 |  15.2 |     286 |      32 |  10.1
            +---------+---------+-------+---------+---------+-------
        D:1 |      45 |       4 |   8.2 |      26 |       3 |  10.3
        D:2 |     105 |       0 |   0.0 |      26 |       0 |   0.0
        D:3 |     189 |    1269 |  87.0 |      11 |      12 |  52.2
        D:4 |     335 |     266 |  44.3 |      26 |      10 |  27.8
        D:5 |     555 |       0 |   0.0 |      30 |       0 |   0.0
        D:6 |    1068 |     574 |  35.0 |      28 |       4 |  12.5
        D:7 |    1010 |      39 |   3.7 |      28 |       1 |   3.4
        D:8 |    1950 |       0 |   0.0 |      24 |       0 |   0.0
        D:9 |    2147 |     229 |   9.6 |      26 |       1 |   3.7
       D:10 |    2875 |       0 |   0.0 |      25 |       0 |   0.0
       D:11 |    2024 |     191 |   8.6 |      20 |       1 |   4.8
       D:12 |    1086 |       0 |   0.0 |      10 |       0 |   0.0
       D:13 |    1007 |       0 |   0.0 |       6 |       0 |   0.0
            +---------+---------+-------+---------+---------+-------
